 Dungeon Crawl Stone Soup version 0.19-a0-1740-g0bcaf2e (webtiles) character file.

1232 Amnesiac the Digger (level 8, 0/52 HPs)
             Began as a Mummy Earth Elementalist on Oct 1, 2016.
             Was an Initiate of Gozag.
             Slain by a hound (2 damage)
             ... on level 2 of the Dungeon.
             The game lasted 00:14:38 (6793 turns).

Amnesiac the Digger (Mummy Earth Elementalist)      Turns: 6793, Time: 00:14:39

Health: 0/52       AC:  3    Str: 11    XL:     8   Next: 24%
Magic:  5/14       EV: 12    Int: 15    God:    Gozag
Gold:   263        SH:  0    Dex: 14    Spells: 4 memorised, 4 levels left

rFire  x . .     SeeInvis .     b - 65 stones
rCold  + + .     Gourm    .     f - +0 robe {rF+}
rNeg   + + +     Faith    .     (no shield)
rPois  ∞         Spirit   .     (no helmet)
rElec  .         Dismiss  .     m - +0 cloak
rCorr  +         Reflect  .     (no gloves)
MR     +....     Harm     .     (no boots)
Stlth  ++........               j - amulet of magic regeneration
                                r - ring of resist corrosion (curse)
                                l - ring of ice

@: gold aura, very slightly contaminated
A: no food or potions, fire vulnerability, cold resistance 1, negative energy
resistance 3, torment resistance, unbreathing
a: Potion Petition, Call Merchant, Bribe Branch, Renounce Religion


You were on level 2 of the Dungeon.
You worshipped Gozag.
Gozag was aware of your devotion.
You were not hungry.

You visited 2 branches of the dungeon, and saw 8 of its levels.

You collected 369 gold pieces.
You paid 106 gold pieces to Gozag.

Inventory:

Hand Weapons
 c - a +0 quarterstaff
 e - a +0 dagger
Missiles
 b - 65 stones (in hand)
Armour
 f - a +0 robe of fire resistance (worn)
 m - a +0 cloak (worn)
Jewellery
 j - an amulet of magic regeneration (around neck)
 l - a ring of ice (left hand)
 r - a cursed ring of resist corrosion (right hand)
 t - an uncursed ring of ice
Wands
 u - a wand of enslavement (13/24)
Scrolls
 a - 8 scrolls of remove curse {unknown}
 g - 6 scrolls of identify {unknown}
 h - 2 scrolls of fog {unknown}
 i - 4 scrolls of teleportation {unknown}
 k - 2 scrolls of magic mapping {unknown}
 n - 2 scrolls of fear {unknown}
 o - 2 scrolls of amnesia {unknown}
 p - 2 scrolls of enchant armour {unknown}
 s - a scroll of random uselessness {unknown}
 v - a scroll of recharging {unknown}
Books
 d - a book of Geomancy

   Spells                             Type                      Level
   a - Sandblast                      Earth                        1
   b - Passwall                       Transmutation/Earth          2
   c - Stone Arrow                    Conjuration/Earth            3
   d - Petrify                        Transmutation/Earth          4
   e - Lee's Rapid Deconstruction     Earth                        5
 q - a book of Changes

   Spells                             Type                      Level
   a - Beastly Appendage              Transmutation                1
   b - Sticks to Snakes               Transmutation                2
   c - Spider Form                    Transmutation/Poison         3
   d - Ice Form                       Ice/Transmutation            4
   e - Blade Hands                    Transmutation                5


   Skills:
 - Level 3.0 Short Blades
 - Level 1.5 Dodging
 - Level 3.1 Stealth
 - Level 4.5 Spellcasting
 - Level 4.5 Transmutations
 + Level 4.6 Earth Magic


You had 4 spell levels left.
You knew the following spells:

 Your Spells              Type           Power        Failure   Level  Hunger
a - Lee's Rapid Deconstr  Erth           ###.......   78%         5    N/A
e - Petrify               Tmut/Erth      ###.....     28%         4    N/A
f - Sandblast             Erth           ###...       2%          1    N/A
v - Passwall              Tmut/Erth      ###.......   4%          2    N/A

Dungeon Overview and Level Annotations

Branches:
Dungeon (7/15)             Temple (1/1) D:7

Altars:
Ashenzari
Cheibriados
Dithmenos
Elyvilon
Fedhas
Gozag
Hepliaklqana
Kikubaaqudgha
Makhleb
Nemelex Xobeh
Okawaru
Qazlal
Ru
Sif Muna
Trog
Uskayaw
Vehumet
Xom
Yredelemnul
Zin
The Shining One


Innate Abilities, Weirdness & Mutations

You do not eat or drink.
Your flesh is vulnerable to fire.
You are immune to poison.
Your flesh is cold resistant. (rC+)
You are immune to negative energy. (rN+++)
You are immune to unholy pain and torment.
You can survive without breathing.


Message History

Unknown command.
Casting: Sandblast
Confirm with . or Enter, or press ? or * to list all spells.
Aiming: Sandblast
Press: ? - help, Shift-Dir - straight line, f - hound
Aim: a hound (moderately wounded)
The rocky blast misses the hound.
The hound misses you.
Unknown command.
Casting: Sandblast
Confirm with . or Enter, or press ? or * to list all spells.
Aiming: Sandblast
Press: ? - help, Shift-Dir - straight line, f/p - hound
Aim: a hound (moderately wounded)
The rocky blast hits the hound.
The hound is almost dead.
The hound bites you.
* * * LOW HITPOINT WARNING * * *
The hound bites you.
You die...
Your body crumbles into a pile of gold.

###...## ######### #....
######......####.......# #..##
.................#...#.# #....
#######...######.##.##.# #..##
###.# #.#####.# #..# #.# #..# #.#
#..## ##+## $#..####.# #....
##### ##...#+#+#P......# ###.#
....###....#...h@..##### #.#
###.##.....#...#P.[.## #.#
.##.#......#.. #.....##########..
....'......#####.................
.##.#.........####...#########...
...<##.......####.###.## #...
....###.....## #.## ##.# ###.
...#####...### #.# #.# #. #[.#
#.......# #.## ##.# #.


You could see a hound.

Vanquished Creatures
  Menkaure (D:4)
  An ice beast (D:5)
  2 ogres
  A bullfrog (D:6)
  A scorpion (D:4)
  A bullfrog zombie (D:6)
  2 centaur skeletons
  3 hounds
  2 orc priests (D:4)
  2 bullfrog skeletons (D:5)
  3 orc wizards
  5 worker ants
  A hound skeleton (D:4)
  4 gnolls
  10 adders
  2 oozes
  5 worms
  4 dart slugs
  3 leopard geckos
  6 orcs
  2 ball pythons
  7 bats
  2 giant cockroaches
  6 goblins
  5 hobgoblins
  10 jackals (D:6)
  6 kobolds
  2 quokkas
  3 frilled lizards
  6 rats
108 creatures vanquished.

Vanquished Creatures (others)
  2 plants (D:6)
2 creatures vanquished.

Grand Total: 110 creatures vanquished

Notes
Turn   | Place    | Note
-------+----------+-------------------------------------------
     0 | D:1      | Amnesiac the Mummy Earth Elementalist began the quest for the Orb.
     0 | D:1      | Reached XP level 1. HP: 13/13 MP: 3/3
   319 | D:2      | Noticed a hound
   319 | D:2      | Noticed a hound
   420 | D:2      | Reached XP level 2. HP: 19/19 MP: 0/5
   776 | D:2      | Found an ancient bone altar of Kikubaaqudgha.
  1148 | D:2      | Learned a level 2 spell: Passwall
  1239 | D:3      | Reached XP level 3. HP: 24/24 MP: 6/6
  1282 | D:2      | Reached skill level 1 in Transmutations
  1442 | D:2      | Found a blossoming altar of Fedhas.
  1919 | D:4      | Reached skill level 1 in Short Blades
  1949 | D:4      | Found a burning altar of Makhleb.
  1949 | D:4      | Noticed an Executioner
  1981 | D:4      | Found a sacrificial altar of Ru.
  2197 | D:4      | Reached XP level 4. HP: 22/30 MP: 3/8
  2320 | D:4      | Found a glowing golden altar of the Shining One.
  2516 | D:3      | Reached XP level 5. HP: 27/35 MP: 3/11
  2522 | D:3      | Learned a level 4 spell: Petrify
  2528 | D:3      | Learned a level 5 spell: Lee's Rapid Deconstruction
  2565 | D:3      | Found a stormy altar of Qazlal.
  2565 | D:3      | Noticed a water elemental
  2568 | D:3      | Noticed an air elemental
  2568 | D:3      | Noticed a fire elemental
  2746 | D:4      | Reached XP level 6. HP: 12/41 MP: 5/12
  3015 | D:4      | Noticed Menkaure
  3040 | D:4      | Killed Menkaure
  3479 | D:5      | Entered Level 5 of the Dungeon
  3610 | D:4      | Reached XP level 7. HP: 46/46 MP: 13/13
  3755 | D:5      | Found a hide-covered altar of Uskayaw.
  3949 | D:5      | Found a bloodstained altar of Trog.
  4784 | D:6      | Reached XP level 8. HP: 52/52 MP: 11/14
  5037 | D:6      | Found a blossoming altar of Fedhas.
  5744 | D:7      | Found a staircase to the Ecumenical Temple.
  5751 | Temple   | Entered the Ecumenical Temple
  5885 | Temple   | Became a worshipper of Gozag Ym Sagoz the Greedy
  6793 | D:2      | HP: 2/52 [hound (4)]
  6793 | D:2      | Slain by a hound

Vault maps used:
D:1:      lemuel_arrival_behind_the_door_large
D:2:      lemuel_round_altar, lemuel_round_altar, cheibrodos_gnoll_hut
D:3:      nicolae_qazlal_style_of_elements
D:4:      lemuel_coloured_pillars_altar, makhleb_altar_promises_db,
          nicolae_ru_great_annihilating_truth, uniq_menkaure
D:5:      lemuel_doored_altar, first_bread, lemuel_tele_altar
D:6:      grunt_decor_clamped, fedhas_altar_decomposition
Temple:   regret_index_temple_waves

Skill      XL: |  1  2  3  4  5  6  7  8 |
---------------+-------------------------+-----
Earth Magic    | 3 4 |  4.6
Transmutations | 1 4 |  4.5
Short Blades   | 1 2 3 |  3.0
Spellcasting   | 3 4 |  4.5
Stealth        | 3 |  3.1
Dodging        | |  1.5

Action                   |  1- 3 |  4- 6 |  7- 9 || total
-------------------------+-------+-------+-------++-------
Melee: Unarmed           |     1 |       |       ||     1
       Quarterstaff      |    39 |       |    63 ||   102
       Dagger            |     2 |    13 |    69 ||    84
 Cast: Sandblast         |    46 |    60 |    72 ||   178
       Passwall          |     1 |     5 |     2 ||     8
       Petrify           |       |     3 |    14 ||    17
 Stab: Sleeping          |     4 |       |     3 ||     7
       Petrified         |       |    13 |    18 ||    31
Armor: Robe              |    16 |     2 |    41 ||    59
Dodge: Dodged            |    47 |    21 |   112 ||   180
